 Dungeon Crawl Stone Soup version 0.29.1-4-g47bece8355 (console) character file.

Game seed: 750980761405415809

12393 EnigmaticFellow the Fighter (level 11, -3/124 HPs)
             Began as an Ogre Fire Elementalist on Dec 11, 2022.
             Was a Believer of Sif Muna.
             Slain by a six-headed hydra (6 damage)
             ... while petrified by a basilisk
             ... on level 1 of the Lair of Beasts on Dec 12, 2022.
             The game lasted 02:20:59 (18336 turns).

EnigmaticFellow the Fighter (OgFE)                 Turns: 18336, Time: 02:20:59

Health: -3/124     AC:  4    Str: 14    XL:     11   Next: 92%
Magic:  19/23      EV:  1    Int: 20    God:    Sif Muna [**....]
Gold:   451        SH:  0    Dex:  9    Spells: 6/27 levels left

rFire   + . .      SeeInvis .   z - +5 demon whip (venom)
rCold   x . .      Faith    .   (no shield)
rNeg    + + +      Spirit   .   a - +1 robe
rPois   ∞          Reflect  .   (helmet restricted)
rElec   .          Harm     .   (no cloak)
rCorr   .          Rampage  .   (gloves unavailable)
Will    +....                   (boots unavailable)
Stlth   +.........              y - amulet of the acrobat
HPRegen 0.30/turn               w - ring of positive energy
MPRegen 0.18/turn               B - ring of fire

@: petrified
A: large, unfitting armour, tough skin 1
a: Renounce Religion, Channel Magic


You were on level 1 of the Lair of Beasts.
You worshipped Sif Muna.
Sif Muna was pleased with you.
You visited 3 branches of the dungeon, and saw 12 of its levels.
You also visited: Sewer.

You collected 451 gold pieces.

Inventory:

Hand Weapons
 z - a +5 demon whip of venom (weapon)
Armour
 a - a +1 robe (worn)
Magical Staves
 n - a staff of conjuration
 C - a staff of death
Jewellery
 w - a ring of positive energy (left hand)
 y - an amulet of the acrobat (around neck)
 B - a ring of fire (right hand)
Wands
 A - a wand of iceblast (2)
Scrolls
 c - a scroll of blinking
 d - a scroll of fear
 h - 5 scrolls of butterflies
 p - 4 scrolls of immolation
 t - a scroll of poison
 v - 2 scrolls of teleportation
Potions
 b - 2 potions of magic
 e - 4 potions of attraction
 f - a potion of curing
 g - 2 potions of might
 j - 2 potions of lignification
 k - 5 potions of mutation
 m - a potion of brilliance {unknown}
 o - 2 potions of ambrosia {unknown}
 q - 6 potions of invisibility
 r - 4 potions of flight
 s - 4 potions of haste
 u - a potion of experience {unknown}
 x - 2 potions of cancellation {unknown}


   Skills:
 + Level 12.7 Fighting
 - Level 3.5 Dodging
 - Level 1.4 Stealth
 - Level 8.6 Spellcasting
 - Level 7.2 Conjurations
 - Level 3.0 Transmutations
 - Level 7.1 Fire Magic
 * Level 3.8 Ice Magic
 + Level 6.7 Invocations


You had 6 spell levels left.
You knew the following spells:

 Your Spells              Type           Power      Damage    Failure   Level
a - Foxfire               Conj/Fire      100%       2x1d9     1%          1
b - Scorch                Fire           100%       2d10      1%          2
c - Conjure Flame         Conj/Fire      54%        6-21      1%          3
d - Flame Wave            Conj/Fire      54%        2d13      4%          4
e - Ignite Poison         Fire/Tmut/Pois 33%        N/A       6%          3
f - Sticky Flame          Conj/Fire      54%        2d7       4%          4
g - Hailstorm             Conj/Ice       30%        3d8       9%          4

Your spell library contained the following spells:

 Spells                   Type           Power      Damage    Failure   Level
 Ensorcelled Hibernation  Hex/Ice        32%        N/A       5%          2
 Inner Flame              Hex/Fire       34%        N/A       5%          3
 Passwall                 Tmut/Erth      11%        N/A       6%          2
 Ice Form                 Ice/Tmut       22%        N/A       19%         4
 Call Canine Familiar     Summ           8%         N/A       24%         3
 Portal Projectile        Hex/Tloc       16%        N/A       24%         3
 Swiftness                Air            8%         N/A       24%         3
 Leda's Liquefaction      Hex/Erth       4%         N/A       61%         4
 Simulacrum               Ice/Necr       8%         N/A       99%         6


Dungeon Overview and Level Annotations

Branches:
Dungeon (10/15)            Temple (1/1) D:4            Lair (1/5) D:10
  Sewer (visited)
    Orc: D:9-12

Altars:
Ashenzari
Cheibriados
Dithmenos
Elyvilon
Fedhas
Gozag
Hepliaklqana
Kikubaaqudgha
Makhleb
Nemelex Xobeh
Okawaru
Qazlal
Ru
Sif Muna
Trog
Uskayaw
Vehumet
Wu Jian
Xom
Yredelemnul
Zin
The Shining One

Shops:
D:4 (

Portals:
Trove: D:10 (give +5 fire dragon scales)

Annotations:
D:6 3 runed translucent doors, Palms's ghost, novice MiBe; Sambug2000's ghost, novice MiFi; SirLogeyBear's ghost, novice HOBe; cheesebisquit's ghost, amateur MiBe
D:7 2 runed translucent doors, PorkyPig's ghost, novice DrCj
D:9 3 runed translucent doors, 0HN0ES's ghost, journeyman GnFi
D:10 2 transporters Book of Spheres


Innate Abilities, Weirdness & Mutations

You are too large for most types of armour.
You have tough skin. (AC +1)


Message History

A six-headed hydra comes into view.
The basilisk bites you!
The basilisk burns!
A wolf comes into view.
The basilisk burns!
The six-headed hydra bites you! x2
The six-headed hydra bites you but does no damage.
The six-headed hydra bites you! x2; The six-headed hydra bites you.
The basilisk burns!
You kill the basilisk!
Sif Muna accepts your kill. The six-headed hydra bites you.
The six-headed hydra bites you but does no damage. x2
The six-headed hydra bites you! The six-headed hydra bites you.
The six-headed hydra bites you!
The six-headed hydra bites you! x5; The six-headed hydra bites you.
The six-headed hydra bites you!
* * * LOW HITPOINT WARNING * * *
The six-headed hydra bites you but does no damage.
The six-headed hydra bites you.
* * * LOW HITPOINT WARNING * * *
The six-headed hydra bites you. x2
* * * LOW HITPOINT WARNING * * *
The six-headed hydra bites you.
* * * LOW HITPOINT WARNING * * *
The six-headed hydra bites you.
* * * LOW HITPOINT WARNING * * *
The six-headed hydra bites you!
* * * LOW HITPOINT WARNING * * *
The six-headed hydra bites you!
* * * LOW HITPOINT WARNING * * *
The six-headed hydra bites you but does no damage.
The six-headed hydra bites you.
* * * LOW HITPOINT WARNING * * *
The six-headed hydra bites you!
* * * LOW HITPOINT WARNING * * *
The six-headed hydra bites you. The six-headed hydra bites you!
* * * LOW HITPOINT WARNING * * *
The six-headed hydra bites you!
* * * LOW HITPOINT WARNING * * *
The six-headed hydra bites you!
You die...

### ########P## ###
#####.........#
###P. .##.+........#
##..+ .'...........#
#..#
.####......<.###..#
.# #......÷.##.@D#
.# #.........#..#h♣
##
##...........##...
#.........P### .....
# ##.####.####
......h ####### ##.#
.....8.. .#.### #..#
♣h...Y...
.#.'.####.+##
........l.
.#.#.#..#...# ...
#..#..+...#.# .h. hh
.#.###..#.#†##.#....


You could see a six-headed hydra and a wolf.

Vanquished Creatures
  2 two-headed ogres (D:9)
  Amaemon (D:8)
  An orange demon (D:8)
  A rime drake (Lair:1)
  Psyche (D:8)
  A komodo dragon (D:10)
  2 trolls (D:10)
  2 hornets
  Sigmund (D:2)
  2 shadows
  16 yaks
  2 wraiths
  Grum (D:8)
  2 wyverns
  A steam dragon (D:7)
  A basilisk (Lair:1)
  Menkaure (D:6)
  A water moccasin (D:8)
  2 black bears
  4 orc warriors
  2 ice beasts
  A sky beast (D:7)
  16 wolves
  3 centaurs
  2 phantoms
  4 bullfrogs
  2 kobold brigands
  5 wights
  A scorpion (D:5)
  6 killer bees
  An electric eel (D:10)
  5 howler monkeys
  4 jellies
  9 hounds
  2 orc priests
  Jessica (D:2)
  2 iguanas
  6 orc wizards
  A mummy (D:8)
  4 gnolls
  A river rat (Sewer)
  9 adders
  A shadow imp (D:6)
  A white imp (D:7)
  2 ufetubi
  3 worms
  A dart slug (D:1)
  20 orcs
  10 ball pythons
  18 endoplasms
  6 giant cockroaches
  7 goblins
  7 hobgoblins
  A quokka (D:2)
  6 bats
  14 frilled lizards
  22 kobolds
  9 rats
260 creatures vanquished.

Vanquished Creatures (collateral kills)
  A foxfire (Lair:1)
1 creature vanquished.

Vanquished Creatures (others)
  A kobold (D:8)
  487 foxfires
  5 fungi (Lair:1)
  46 plants
  2 withered plants (D:6)
541 creatures vanquished.

Grand Total: 802 creatures vanquished

Notes
Turn   | Place    | Note
-------+----------+-------------------------------------------
     0 | D:1      | EnigmaticFellow the Ogre Fire Elementalist began the quest
                  | for the Orb.
     0 | D:1      | Reached XP level 1. HP: 16/16 MP: 3/3
     9 | D:1      | Reached skill level 1 in Conjurations
    82 | D:1      | Reached skill level 1 in Fighting
   215 | D:1      | Reached XP level 2. HP: 27/27 MP: 3/5
   249 | D:1      | Learned a level 2 spell: Scorch
   678 | D:1      | Reached skill level 2 in Fighting
   965 | D:1      | Reached XP level 3. HP: 36/36 MP: 4/6
   974 | D:1      | Learned a level 3 spell: Conjure Flame
  2103 | D:2      | Reached XP level 4. HP: 39/44 MP: 1/7
  2273 | D:2      | Reached skill level 3 in Fighting
  2486 | D:2      | You fall into a shaft and drop 2 floors!
  2550 | D:4      | Reached XP level 5. HP: 50/53 MP: 2/9
  2753 | D:3      | Found a glowing golden altar of the Shining One.
  2817 | D:3      | Learned a level 4 spell: Flame Wave
  3332 | D:2      | Noticed Sigmund
  3383 | D:2      | Killed Sigmund
  3384 | D:2      | Reached skill level 4 in Fighting
  3384 | D:2      | Reached XP level 6. HP: 48/63 MP: 1/11
  3690 | D:2      | Noticed Jessica
  3974 | D:2      | Killed Jessica
  4221 | D:4      | Reached XP level 7. HP: 59/71 MP: 9/13
  4313 | D:4      | Found Kati Ladgh's Antique Weapon Boutique.
  4441 | D:4      | Learned a level 3 spell: Inner Flame
  4556 | D:4      | Found a staircase to the Ecumenical Temple.
  4681 | Temple   | Entered the Ecumenical Temple
  4919 | Temple   | Became a worshipper of Sif Muna the Loreminder
  5134 | D:4      | Reached skill level 5 in Fighting
  5493 | D:5      | Entered Level 5 of the Dungeon
  5626 | D:5      | Found a white marble altar of Elyvilon.
  5664 | D:5      | Reached skill level 5 in Conjurations
  5845 | D:5      | Found a hazy altar of Hepliaklqana.
  6570 | D:6      | Found a glowing drain.
  6591 | Sewer    | Entered a sewer
  6827 | Sewer    | Reached XP level 8. HP: 83/83 MP: 13/15
  6848 | Sewer    | Found a viscous altar of Jiyva.
  6874 | Sewer    | Identified the +2 leather armour of the Snake Pit {rElec}
  7002 | D:6      | Reached skill level 6 in Fighting
  7002 | D:6      | Reached skill level 5 in Spellcasting
  7320 | D:6      | Reached * piety under Sif Muna
  7418 | D:6      | Noticed Menkaure
  7425 | D:6      | Killed Menkaure
  7426 | D:6      | Reached skill level 5 in Fire Magic
  7470 | D:6      | Reached skill level 7 in Fighting
  7830 | D:6      | Found a runed translucent gate.
  7830 | D:6      | Found a runed translucent gate.
  7833 | D:6      | Noticed SirLogeyBear's ghost (novice HOBe)
  7834 | D:6      | Noticed Palms's ghost (novice MiBe)
  7834 | D:6      | Noticed Sambug2000's ghost (novice MiFi)
  7834 | D:6      | Noticed cheesebisquit's ghost (amateur MiBe)
  7835 | D:6      | Found a runed translucent gate.
  7880 | D:6      | Learned a level 4 spell: Sticky Flame
  8577 | D:7      | Reached XP level 9. HP: 79/93 MP: 14/17
  8913 | D:7      | Found an ornate altar of the Wu Jian Council.
  8979 | D:7      | Found a large runed translucent door.
  8979 | D:7      | Found a large runed translucent door.
  8981 | D:7      | Found a radiant altar of Vehumet.
  8999 | D:7      | Noticed PorkyPig's ghost (novice DrCj)
  9052 | D:7      | Reached skill level 8 in Fighting
 10026 | D:8      | Noticed a hornet
 10190 | D:7      | Reached skill level 9 in Fighting
 10727 | D:8      | Noticed Psyche
 10775 | D:8      | Found a hide-covered altar of Uskayaw.
 10808 | D:8      | Noticed an orange demon
 10809 | D:8      | Noticed Amaemon
 11052 | D:8      | Killed an orange demon
 11115 | D:8      | Paralysed by a hornet for 1 turns
 11117 | D:8      | Killed a hornet
 11118 | D:8      | Reached XP level 10. HP: 11/110 MP: 8/18
 11569 | D:8      | Killed Amaemon
 11570 | D:8      | Reached skill level 10 in Fighting
 11570 | D:8      | Reached skill level 1 in Invocations
 11668 | D:7      | Learned a level 3 spell: Ignite Poison
 11856 | D:9      | Noticed a two-headed ogre
 11860 | D:9      | Killed a two-headed ogre
 12277 | D:9      | Found a shadowy altar of Dithmenos.
 12343 | D:9      | Reached ** piety under Sif Muna
 12534 | D:9      | Found a bloodstained altar of Trog.
 12587 | D:9      | Found a runed translucent gate.
 12587 | D:9      | Found a runed translucent gate.
 12587 | D:9      | Found a runed translucent gate.
 12592 | D:9      | Noticed 0HN0ES's ghost (journeyman GnFi)
 12607 | D:9      | Found a sparkling altar of Nemelex Xobeh.
 12694 | D:9      | Found an opulent altar of Gozag.
 12728 | D:9      | Noticed a two-headed ogre
 12758 | D:9      | Killed a two-headed ogre
 12759 | D:9      | Reached skill level 11 in Fighting
 12900 | D:9      | Paralysed by a hornet for 1 turns
 13872 | D:8      | Killed Psyche
 13942 | D:8      | Reached XP level 11. HP: 106/120 MP: 14/21
 13999 | D:8      | Found a snail-covered altar of Cheibriados.
 14046 | D:8      | Noticed Grum
 14064 | D:8      | Killed Grum
 14637 | D:10     | Entered Level 10 of the Dungeon
 15047 | D:10     | Reached skill level 5 in Invocations
 16182 | D:10     | Found a shimmering altar of Xom.
 16184 | D:10     | Noticed a centaur warrior
 16185 | D:10     | Noticed a manticore
 16185 | D:10     | Noticed a two-headed ogre
 16186 | D:10     | Found a transporter.
 16186 | D:10     | Noticed a centaur warrior
 16194 | D:10     | Found a transporter.
 16223 | D:10     | Reached skill level 12 in Fighting
 16300 | D:10     | Found a staircase to the Lair.
 16517 | D:10     | Found a portal to a secret trove of treasure.
 16788 | D:10     | Learned a level 4 spell: Hailstorm
 16889 | Lair:1   | Entered Level 1 of the Lair of Beasts
 17027 | Lair:1   | Reached skill level 1 in Ice Magic
 18329 | Lair:1   | Noticed a six-headed hydra
 18336 | Lair:1   | HP: 3/124 [six-headed hydra (4)]
 18336 | Lair:1   | Slain by a six-headed hydra

Illustrated notes

Levels and vault maps discovered:
D:1:      onia_arrival_pentagram, layout_basic, minmay_misc_feat_columns,
          minmay_lizard_king
D:2:      layout_loops_ring, st_stairs_4, uniq_sigmund, uniq_jessica
D:3:      layout_rooms, tso_oasis_becter, amcnicky_mini_rare_corridor_liquid,
          minmay_misc_feat_hallway
D:4:      layout_basic, minmay_temple_entry_sparse_star, serial_shops, shop,
          minivault_14
D:5:      layout_basic, mainiacjoe_overflow_paths, elyvilon_altar_3
D:6:      layout_cave_pools, gammafunk_ghost_cemetery, portal_sewer_entry_c,
          uniq_menkaure
D:7:      layout_basic, lemuel_round_altar, mainiacjoe_overflow_alcove_2,
          ebering_ghost_disaster_area
D:8:      layout_basic, kennysheep_little_box, slow_altar_1, uniq_grum,
          uniq_psyche, uniq_amaemon
D:9:      layout_cave_pods, nemelex_diamond_rough_becter,
          nicolae_gozag_cash_rules_everything_around_me,
          mainiacjoe_overflow_catch_the_wave, gammafunk_ghost_necromancy
D:10:     layout_roguey, gammafunk_temple_overflow_arena, erik_lair_island,
          enter_trove_2
Temple:   jpeg_temple_alley_garden
Lair:1:   layout_roguey, st_stairs_6, grunt_forest_large_clearings,
          infiniplex_staircase_pool_2

Skill      XL: |  1  2  3  4  5  6  7  8  9 10 11 |
---------------+----------------------------------+-----
Conjurations   | 1 2 4 5 7 |  7.2
Fighting       | 1 2 3 4 5 7 9 11 12 | 12.7
Fire Magic     | 3 5 7 |  7.1
Spellcasting   | 3 4 5 7 8 |  8.6
Dodging        | 2 3 |  3.5
Invocations    | 4 6 |  6.7
Transmutations | 3 |  3.0
Ice Magic      | 3 |  3.8
Stealth        | |  1.4

Action                   |  1- 3 |  4- 6 |  7- 9 | 10-12 || total
-------------------------+-------+-------+-------+-------++-------
Melee: Club              |     2 |       |       |       ||     2
       Whip              |     2 |    24 |    74 |       ||   100
       Punch             |       |       |     2 |       ||     2
       Demon whip        |       |       |       |   114 ||   114
 Cast: Foxfire           |    45 |    38 |   139 |    69 ||   291
       Scorch            |    11 |    16 |    36 |    48 ||   111
       Conjure Flame     |       |     1 |     1 |    16 ||    18
       Sticky Flame      |       |       |    14 |    46 ||    60
       Ignite Poison     |       |       |       |    12 ||    12
Invok: Channel Magic     |       |       |       |     1 ||     1
  Use: Scroll            |     4 |     3 |     5 |    16 ||    28
       Potion            |       |     2 |       |     2 ||     4
Armor: Robe              |     1 |     6 |    30 |    43 ||    80
       Skin              |       |       |       |     1 ||     1
Dodge: Dodged            |     6 |    18 |    79 |   120 ||   223
